 Dungeon Crawl Stone Soup version 0.24.0-123-gd5b16e6ec5 (webtiles) character file.

Game seed: 518529254831676296, levelgen mode: deterministic

1358 FishyPogo the Slasher (level 8, 0/67 HPs)
             Began as a Gnoll Chaos Knight on Feb 5, 2020.
             Was a Plaything of Xom.
             Slain by a hound skeleton (2 damage)
             ... on level 6 of the Dungeon on Feb 8, 2020.
             The game lasted 00:17:31 (5467 turns).

FishyPogo the Slasher (Gnoll Chaos Knight)          Turns: 5467, Time: 00:17:31

Health: 0/67       AC: 11    Str: 19    XL:     8   Next: 64%
Magic:  12/13      EV: 14    Int: 14    God:    Xom [...*..]
Gold:   252        SH:  0    Dex: 15    Spells: 13/13 levels left

rFire    . . .     SeeInvis .   a - +1 falchion (chaos)
rCold    . . .     Gourm    .   (no shield)
rNeg     . . .     Faith    .   s - +3 leather armour
rPois    .         Spirit   .   t - +0 helmet
rElec    .         Reflect  .   v - +0 cloak
rCorr    .         Harm     .   (no gloves)
MR       .....                  (no boots)
Stlth    ++........             w - amulet of rage
HPRegen  0.21/turn              f - ring of wizardry
MPRegen  0.13/turn              r - ring of wizardry

@: no status effects
A: distributed training, fangs 1, hooves 1, thin metallic scales 1, strong 1,
strong nose
a: Renounce Religion, Evoke Berserk Rage


You were on level 6 of the Dungeon.
You worshipped Xom.
You were a favourite toy of Xom.
You were not hungry.

You visited 1 branch of the dungeon, and saw 6 of its levels.
You also visited: Sewer.

You collected 252 gold pieces.

Inventory:

Hand Weapons
 a - a +1 falchion of chaos (weapon)
 b - a +3 hunting sling of flaming
Missiles
 j - 198 stones
 q - 4 silver boomerangs
 y - 29 poisoned darts (quivered)
 F - 32 sling bullets
 I - a throwing net
Armour
 s - a +3 leather armour (worn)
 t - a +0 helmet (worn)
 v - a +0 cloak (worn)
Jewellery
 e - an uncursed ring of ice
 f - a ring of wizardry (left hand)
 r - a ring of wizardry (right hand)
 w - an amulet of rage (around neck)
 H - an uncursed ring of flight
Wands
 E - a wand of flame (8)
Scrolls
 h - a scroll of random uselessness {unknown}
 i - a scroll of immolation {unknown}
 l - 2 scrolls of remove curse
 n - 6 scrolls of identify
 p - 2 scrolls of teleportation
 u - a scroll of enchant weapon
 x - 2 scrolls of amnesia {unknown}
 C - a scroll of fear {unknown}
 G - 2 scrolls of magic mapping
Potions
 d - a potion of degeneration {unknown}
 g - a potion of haste
 k - 2 potions of curing
 o - a potion of ambrosia {unknown}
 A - a potion of heal wounds
 B - 3 potions of flight {unknown}
 J - 2 potions of might
 K - a potion of lignification {unknown}
Comestibles
 c - 8 rations
 z - a chunk of flesh


   Skills:
 + Level 7.4 Fighting
 + Level 3.3 Short Blades
 + Level 7.4 Long Blades
 + Level 3.3 Axes
 + Level 3.3 Maces & Flails
 + Level 3.3 Polearms
 + Level 3.3 Staves
 + Level 3.3 Slings
 + Level 3.3 Bows
 + Level 3.3 Crossbows
 + Level 3.3 Throwing
 + Level 5.7 Armour
 + Level 4.3 Dodging
 + Level 3.3 Stealth
 + Level 3.3 Shields
 + Level 3.3 Unarmed Combat
 + Level 3.3 Spellcasting
 + Level 2.7 Conjurations
 + Level 2.7 Hexes
 + Level 2.7 Charms
 + Level 2.7 Summonings
 + Level 2.7 Necromancy
 + Level 2.7 Translocations
 + Level 2.7 Transmutations
 + Level 2.7 Fire Magic
 + Level 2.7 Ice Magic
 + Level 2.7 Air Magic
 + Level 2.7 Earth Magic
 + Level 2.7 Poison Magic
 + Level 3.7 Invocations
 + Level 3.3 Evocations


You had 13 spell levels left.
You didn't know any spells.
Your spell library was empty.

Dungeon Overview and Level Annotations

Branches:
Dungeon (6/15)             Temple (0/1) D:4           Sewer (visited)

Altars:
Hepliaklqana
Makhleb
Xom

Shops:
D:6 ?

Annotations:
D:6 Dowan, Duvessa


Innate Abilities, Weirdness & Mutations

Your experience applies equally to all skills.
You have very sharp teeth.
Your uncanny sense of smell can sniff out nearby items.
You have large cloven feet.
You are partially covered in thin metallic scales. (AC +2)
Your muscles are strong. (Str +2)


Message History

Unknown command.
You slash the bullfrog! You burn the bullfrog. Your kick misses the bullfrog.
The bullfrog is almost dead.
The bullfrog completely misses you.
The hound skeleton bites you but does no damage.
The bullfrog barely misses you.
You riposte.
You hit the bullfrog.
The bullfrog flickers and vanishes!
Deactivating autopickup; reactivate with Ctrl-A.
You kick something. The bullfrog hits you.
* * * LOW HITPOINT WARNING * * *
You hit the bullfrog.
You feel better.
You kick the bullfrog.
You kill the bullfrog!
The hound skeleton bites you but does no damage.
Something hits you.
* * * LOW HITPOINT WARNING * * *
The hound skeleton bites you.
* * * LOW HITPOINT WARNING * * *
You hear a shout!
The hound skeleton bites you.
You die...

##########
#........#### #
#............ .
#..........#∆ #
#.<........# .
#.#...Z......# ..
##.....@.....##.
..####
.................
......
...........##.####
####
.................+
+...
######......#####.
###. #........# #.
#........# #.
#........# ∆ ##
###......# #


You could see a hound skeleton.

Vanquished Creatures
  Edmund (D:6)
  An ice beast (D:5)
  2 ogres (D:4)
  A big kobold (Sewer)
  2 bullfrogs (D:6)
  A howler monkey (D:4)
  A crimson imp (D:5)
  A hound (D:3)
  3 orc priests
  2 orc wizards (D:4)
  Ijyb (D:3)
  An iguana (D:4)
  3 worker ants
  Robin (D:2)
  8 gnolls
  10 adders
  3 river rats (Sewer)
  A white imp (D:3)
  An adder zombie (D:5)
  6 worms
  7 dart slugs
  9 leopard geckos
  8 orcs
  A ball python (D:4)
  5 giant cockroaches
  10 goblins
  9 hobgoblins
  A jackal (D:1)
  2 quokkas
  6 bats
  9 frilled lizards
  11 kobolds
  9 rats
137 creatures vanquished.

Vanquished Creatures (collateral kills)
  A hound (D:4)
  A worker ant (D:4)
2 creatures vanquished.

Vanquished Creatures (others)
  An orc wizard (D:4)
1 creature vanquished.

Grand Total: 140 creatures vanquished

Notes
Turn   | Place    | Note
-------+----------+-------------------------------------------
     0 | D:1      | FishyPogo the Gnoll Chaos Knight began the quest for the
                  | Orb.
     0 | D:1      | Reached XP level 1. HP: 23/23 MP: 1/1
   171 | D:1      | Reached XP level 2. HP: 28/29 MP: 2/2
   637 | D:1      | XOM: divination: detect items
   696 | D:1      | XOM: smoke on damage
   731 | D:1      | XOM: harmless Air miscast
   770 | D:2      | Reached XP level 3. HP: 20/35 MP: 3/3
   774 | D:2      | XOM: divination: detect creatures
   890 | D:2      | Reached skill level 1 in Invocations
   910 | D:2      | Reached skill level 1 in Short Blades
   910 | D:2      | Reached skill level 1 in Axes
   910 | D:2      | Reached skill level 1 in Maces & Flails
   910 | D:2      | Reached skill level 1 in Polearms
   910 | D:2      | Reached skill level 1 in Staves
   910 | D:2      | Reached skill level 1 in Slings
   910 | D:2      | Reached skill level 1 in Bows
   910 | D:2      | Reached skill level 1 in Crossbows
   910 | D:2      | Reached skill level 1 in Throwing
   910 | D:2      | Reached skill level 1 in Stealth
   910 | D:2      | Reached skill level 1 in Shields
   910 | D:2      | Reached skill level 1 in Unarmed Combat
   910 | D:2      | Reached skill level 1 in Spellcasting
   910 | D:2      | Reached skill level 1 in Evocations
  1070 | D:2      | Reached XP level 4. HP: 25/41 MP: 5/5
  1074 | D:2      | Noticed Robin
  1553 | D:2      | XOM: divination: detect creatures
  1571 | D:2      | XOM: harmless Necr miscast
  1579 | D:2      | Killed Robin
  1579 | D:2      | Reached skill level 1 in Conjurations
  1579 | D:2      | Reached skill level 1 in Hexes
  1579 | D:2      | Reached skill level 1 in Charms
  1579 | D:2      | Reached skill level 1 in Summonings
  1579 | D:2      | Reached skill level 1 in Necromancy
  1579 | D:2      | Reached skill level 1 in Translocations
  1579 | D:2      | Reached skill level 1 in Transmutations
  1579 | D:2      | Reached skill level 1 in Fire Magic
  1579 | D:2      | Reached skill level 1 in Ice Magic
  1579 | D:2      | Reached skill level 1 in Air Magic
  1579 | D:2      | Reached skill level 1 in Earth Magic
  1579 | D:2      | Reached skill level 1 in Poison Magic
  2072 | D:3      | XOM: harmless Conj miscast
  2107 | D:3      | Reached XP level 5. HP: 47/47 MP: 6/6
  2154 | D:3      | XOM: silly message
  2202 | D:3      | XOM: cloud trail
  2205 | D:3      | XOM: divination: detect items
  2456 | D:3      | XOM: harmless Erth miscast
  2467 | D:3      | XOM: harmless Tmut miscast
  2598 | D:3      | Found a glowing drain.
  2602 | Sewer    | Entered a sewer
  2602 | Sewer    | XOM: potion effect (brilliance)
  2618 | Sewer    | Reached XP level 6. HP: 32/53 MP: 8/8
  2719 | Sewer    | Found a glowing silver altar of Zin.
  2827 | D:3      | Reached skill level 5 in Armour
  2890 | D:3      | Found a burning altar of Makhleb.
  2890 | D:3      | Noticed a blizzard demon
  2893 | D:3      | Noticed an orange demon
  2893 | D:3      | Noticed a ynoxinul
  3185 | D:3      | XOM: 2-stop teleportation journey
  3357 | D:3      | Noticed Ijyb
  3372 | D:3      | Killed Ijyb
  3415 | D:3      | XOM: noise
  3630 | D:4      | XOM: divination: magic mapping
  3632 | D:4      | Reached XP level 7. HP: 59/59 MP: 10/10
  3718 | D:4      | XOM: cast spell 'Summon Ice Beast'
  3730 | D:4      | XOM: give mutations
  3730 | D:4      | Gained mutation: You are partially covered in thin metallic
                  | scales. (AC +2) [Xom's grace]
  3730 | D:4      | Gained mutation: Your muscles are strong. (Str +2) [Xom's
                  | grace]
  3730 | D:4      | Gained mutation: You have large cloven feet. [Xom's grace]
  3875 | D:5      | Entered Level 5 of the Dungeon
  3896 | D:4      | Found a staircase to the Ecumenical Temple.
  4145 | D:4      | Reached XP level 8. HP: 53/67 MP: 12/12
  4189 | D:4      | XOM: harmless Summ miscast
  4636 | D:5      | XOM: harmless Conj miscast
  4670 | D:5      | XOM: scenery: create altars
  4830 | D:5      | HP: 2/67 [orc priest/divine providence (12)]
  4853 | D:5      | XOM: scenery: 1 doors close
  5095 | D:5      | XOM: noise
  5241 | D:5      | Found a hazy altar of Hepliaklqana.
  5302 | D:6      | Noticed Edmund
  5314 | D:6      | Killed Edmund
  5389 | D:6      | Found Roorr's Magic Scroll Shop.
  5452 | D:6      | Noticed Duvessa
  5454 | D:6      | Noticed Dowan
  5462 | D:6      | XOM: enchant monster (good)
  5466 | D:6      | HP: 2/67 [hound skeleton (2)]
  5467 | D:6      | Slain by a hound skeleton

Levels and vault maps discovered:
D:1:      elethiomel_arrival_fortress_basement, layout_basic,
          minmay_misc_feat_room, minivault_24, minmay_tromino_v4_a
D:2:      layout_loops_ring, minmay_tree_intersection, minmay_distorted,
          uniq_robin
D:3:      mumra_celtic_spiral_tile, layout_basic, gup_sewer_entry_spiral,
          makhleb_altar_promises_db, uniq_ijyb
D:4:      layout_basic, minmay_temple_entry_sparse_star
D:5:      layout_gridville, marbit_many_paths, first_ration
D:6:      layout_basic, lemuel_crystal_altar, serial_shops,
          kennysheep_mini_moat, uniq_duvessa, uniq_edmund

Skill      XL: |  1  2  3  4  5  6  7  8 |
---------------+-------------------------+-----
Invocations    | 1 2 3 |  3.7
Short Blades   | 1 2 3 |  3.3
Axes           | 1 2 3 |  3.3
Maces & Flails | 1 2 3 |  3.3
Polearms       | 1 2 3 |  3.3
Staves         | 1 2 3 |  3.3
Slings         | 1 2 3 |  3.3
Bows           | 1 2 3 |  3.3
Crossbows      | 1 2 3 |  3.3
Throwing       | 1 2 3 |  3.3
Stealth        | 1 2 3 |  3.3
Shields        | 1 2 3 |  3.3
Unarmed Combat | 1 2 3 |  3.3
Spellcasting   | 1 2 3 |  3.3
Evocations     | 1 2 3 |  3.3
Conjurations   | 1 2 |  2.7
Hexes          | 1 2 |  2.7
Charms         | 1 2 |  2.7
Summonings     | 1 2 |  2.7
Necromancy     | 1 2 |  2.7
Translocations | 1 2 |  2.7
Transmutations | 1 2 |  2.7
Fire Magic     | 1 2 |  2.7
Ice Magic      | 1 2 |  2.7
Air Magic      | 1 2 |  2.7
Earth Magic    | 1 2 |  2.7
Poison Magic   | 1 2 |  2.7
Dodging        | 3 4 |  4.3
Armour         | 5 |  5.7
Fighting       | 7 |  7.4
Long Blades    | 7 |  7.4

Action                   |  1- 3 |  4- 6 |  7- 9 || total
-------------------------+-------+-------+-------++-------
Melee: Falchion          |    79 |   220 |   112 ||   411
       Bite              |    10 |    32 |    18 ||    60
       Punch             |       |     3 |       ||     3
       Kick              |       |       |    36 ||    36
       Unarmed           |       |       |     2 ||     2
 Fire: Hunting sling     |       |       |    59 ||    59
Throw: Stone             |       |    14 |       ||    14
       Dart              |       |       |     6 ||     6
  Use: Scroll            |       |     1 |     5 ||     6
       Potion            |       |       |     5 ||     5
 Stab: Paralysed         |     1 |     6 |       ||     7
       Confused          |     1 |     1 |       ||     2
       Sleeping          |     1 |     4 |     2 ||     7
       Petrified         |       |     1 |       ||     1
       Distracted        |       |       |     1 ||     1
  Eat: Chunk             |       |     9 |     6 ||    15
Armor: Leather armour    |    21 |    60 |    32 ||   113
Dodge: Dodged            |    48 |   135 |    76 ||   259
       Rpst.: Falchion   |    19 |    43 |    25 ||    87
